[ AOE2 MATCH · #506391179 ]
UnrankedKhmer vs Burgundians
Player's team · WIN
[ REPLAY ANALYSIS · EXTRACTED FROM THE RECORDED GAME ]
Feudal
8:56
Castle
21:43
Imperial
36:59
| APM avg | 46.1 |
| APM peak | 105 |
| eAPM avg | 21.1 |
| Villagers / military | 137 / 130 |
Focus
⚔️ 31.0% · 🌾 69.0%
Spearman ×57 · Knight ×18 · Scorpion ×14 · Militia ×10 · Trebuchet (Packed) ×10 · Battle Elephant ×7
Feudal
9:20
Castle
20:39
Imperial
39:10
| APM avg | 35.0 |
| APM peak | 74 |
| eAPM avg | 22.9 |
| Villagers / military | 138 / 254 |
Focus
⚔️ 33.6% · 🌾 66.4%
Scout Cavalry ×114 · Knight ×64 · Skirmisher ×40 · Hand Cannoneer ×25 · Monk ×5 · Spearman ×5
Match map
Initial resources + every placement click. Lines = walls · curves = elevation contours. ◆ gold · ⬟ stone · ● berries · ✦ relic · ◌ wall gap
Your base· ✓ Closed at 21:43 · 33t walls · no gate
maestro_006's base· ✓ Closed at 20:39 · 32t walls · 1 gate(s)
Smoothed initial terrain · ◌ = detected wall gap · hover for details
Inputs per minute
— ManyKitten76428 - - maestro_006
Build order — ManyKitten76428
First 150 of 425 actions detected
| 0:01 | Queue | Villager (Male) |
| 0:01 | Queue | Villager (Male) |
| 0:01 | Queue | Villager (Male) |
| 0:01 | Queue | Villager (Male) |
| 0:01 | Queue | Villager (Male) |
| 0:02 | Queue | Villager (Male) |
| 0:02 | Queue | Villager (Male) |
| 0:02 | Queue | Villager (Male) |
| 0:02 | Queue | Villager (Male) |
| 0:05 | Build | House |
| 0:07 | Build | House |
| 1:21 | Queue | Villager (Male) |
| 1:21 | Queue | Villager (Male) |
| 1:39 | Queue | Villager (Male) |
| 1:39 | Queue | Villager (Male) |
| 1:39 | Queue | Villager (Male) |
| 2:25 | Queue | Villager (Male) |
| 2:25 | Queue | Villager (Male) |
| 2:28 | Build | Lumber Camp |
| 2:38 | Queue | Villager (Male) |
| 2:39 | Queue | Villager (Male) |
| 3:01 | Queue | Villager (Male) |
| 3:01 | Queue | Villager (Male) |
| 3:01 | Queue | Villager (Male) |
| 3:18 | Queue | Villager (Male) |
| 3:18 | Queue | Villager (Male) |
| 3:31 | Build | Palisade Wall |
| 4:08 | Queue | Villager (Male) |
| 4:08 | Queue | Villager (Male) |
| 4:08 | Queue | Villager (Male) |
| 4:22 | Queue | Villager (Male) |
| 4:23 | Queue | Villager (Male) |
| 4:26 | Build | House |
| 4:29 | Build | House |
| 4:36 | Research | Loom |
| 4:42 | Queue | Villager (Male) |
| 4:42 | Queue | Villager (Male) |
| 4:42 | Queue | Villager (Male) |
| 4:42 | Queue | Villager (Male) |
| 5:06 | Build | Palisade Wall |
| 5:54 | Queue | Villager (Male) |
| 5:54 | Queue | Villager (Male) |
| 6:05 | Build | Palisade Wall |
| 6:42 | Research | Feudal Age |
| 7:27 | Build | House |
| 7:29 | Build | Palisade Wall |
| 7:57 | Queue | Villager (Male) |
| 7:57 | Queue | Villager (Male) |
| 8:21 | Build | House |
| 8:23 | Build | Palisade Wall |
| 8:37 | Build | Palisade Wall |
| 8:56 | Age | Feudal Age |
| 9:04 | Build | Stable |
| 9:11 | Research | Double-Bit Axe |
| 9:27 | Build | Blacksmith |
| 9:52 | Queue | Scout Cavalry |
| 9:52 | Queue | Scout Cavalry |
| 10:06 | Build | Mill |
| 10:20 | Build | Farm |
| 10:41 | Research | Scale Barding Armor |
| 10:48 | Queue | Villager (Male) |
| 10:52 | Build | Farm |
| 10:54 | Build | Farm |
| 11:27 | Queue | Villager (Male) |
| 11:27 | Queue | Villager (Male) |
| 11:30 | Build | Farm |
| 11:32 | Build | Farm |
| 11:35 | Build | Farm |
| 11:37 | Build | Farm |
| 11:46 | Queue | Villager (Male) |
| 11:53 | Build | House |
| 12:14 | Build | Mining Camp |
| 12:30 | Queue | Villager (Male) |
| 12:34 | Research | Forging |
| 12:44 | Build | House |
| 13:03 | Queue | Villager (Male) |
| 13:04 | Queue | Villager (Male) |
| 13:06 | Build | Farm |
| 13:17 | Queue | Villager (Male) |
| 13:45 | Build | Archery Range |
| 13:48 | Build | Palisade Wall |
| 13:56 | Build | House |
| 13:58 | Build | House |
| 14:03 | Queue | Villager (Male) |
| 14:03 | Queue | Villager (Male) |
| 14:31 | Queue | Villager (Male) |
| 14:54 | Queue | Villager (Male) |
| 14:55 | Queue | Villager (Male) |
| 15:03 | Build | Farm |
| 15:04 | Build | Farm |
| 15:07 | Queue | Skirmisher |
| 15:08 | Queue | Skirmisher |
| 15:08 | Queue | Skirmisher |
| 15:08 | Queue | Skirmisher |
| 15:13 | Research | Fletching |
| 15:13 | Research | Padded Archer Armor |
| 15:15 | Queue | Villager (Male) |
| 15:30 | Build | Farm |
| 15:44 | Queue | Skirmisher |
| 16:02 | Queue | Villager (Male) |
| 16:15 | Research | Horse Collar |
| 16:22 | Build | Farm |
| 16:44 | Build | Lumber Camp |
| 16:49 | Queue | Villager (Male) |
| 17:33 | Queue | Villager (Male) |
| 17:38 | Build | Mining Camp |
| 17:41 | Queue | Villager (Male) |
| 17:42 | Queue | Villager (Male) |
| 18:00 | Build | Watch Tower |
| 18:20 | Build | Palisade Wall |
| 18:23 | Queue | Villager (Male) |
| 18:23 | Queue | Villager (Male) |
| 18:52 | Build | Watch Tower |
| 19:03 | Research | Castle Age |
| 19:43 | Build | Stable |
| 19:47 | Build | Farm |
| 19:50 | Build | Farm |
| 19:52 | Build | Farm |
| 20:42 | Build | Farm |
| 20:44 | Build | Farm |
| 20:48 | Research | Bloodlines |
| 20:53 | Research | Padded Archer Armor |
| 21:06 | Build | Watch Tower |
| 21:40 | Build | House |
| 21:43 | Age | Castle Age |
| 21:47 | Queue | Villager (Male) |
| 21:47 | Queue | Villager (Male) |
| 21:47 | Queue | Villager (Male) |
| 21:59 | Build | Town Center |
| 22:08 | Queue | Villager (Male) |
| 22:10 | Research | Chain Barding Armor |
| 22:19 | Queue | Battle Elephant |
| 22:20 | Queue | Battle Elephant |
| 22:32 | Queue | Villager (Male) |
| 22:41 | Build | Barracks |
| 22:55 | Queue | Villager (Male) |
| 23:15 | Research | Gold Mining |
| 23:20 | Research | Stone Mining |
| 23:23 | Queue | Villager (Male) |
| 23:24 | Queue | Villager (Male) |
| 23:39 | Queue | Spearman |
| 23:39 | Queue | Spearman |
| 23:46 | Build | House |
| 24:04 | Research | Pikeman (upgrade) |
| 24:05 | Queue | Spearman |
| 24:22 | Build | Siege Workshop |
| 24:31 | Queue | Battle Elephant |
| 24:35 | Queue | Villager (Male) |
| 24:41 | Build | Farm |
| 24:45 | Build | Farm |
Build order — maestro_006
First 150 of 453 actions detected
| 0:00 | Queue | Villager (Male) |
| 0:01 | Queue | Villager (Male) |
| 0:01 | Queue | Villager (Male) |
| 0:04 | Build | House |
| 0:06 | Build | House |
| 0:07 | Queue | Villager (Male) |
| 0:07 | Queue | Villager (Male) |
| 1:12 | Queue | Villager (Male) |
| 1:49 | Build | Lumber Camp |
| 1:59 | Queue | Villager (Male) |
| 1:59 | Queue | Villager (Male) |
| 2:00 | Queue | Villager (Male) |
| 2:19 | Queue | Villager (Male) |
| 2:44 | Queue | Villager (Male) |
| 3:15 | Queue | Villager (Male) |
| 3:15 | Queue | Villager (Male) |
| 3:26 | Build | House |
| 3:47 | Queue | Villager (Male) |
| 4:02 | Queue | Villager (Male) |
| 4:05 | Build | Mill |
| 4:28 | Queue | Villager (Male) |
| 4:33 | Queue | Villager (Male) |
| 4:34 | Queue | Villager (Male) |
| 5:11 | Queue | Villager (Male) |
| 5:11 | Queue | Villager (Male) |
| 6:06 | Queue | Villager (Male) |
| 6:19 | Research | Loom |
| 7:10 | Research | Feudal Age |
| 7:32 | Research | Double-Bit Axe |
| 7:54 | Queue | Villager (Male) |
| 8:00 | Build | House |
| 8:12 | Research | Horse Collar |
| 8:27 | Build | House |
| 8:29 | Build | Palisade Wall |
| 8:36 | Build | House |
| 8:40 | Build | Palisade Wall |
| 8:41 | Queue | Villager (Male) |
| 8:46 | Build | Palisade Wall |
| 8:53 | Build | Barracks |
| 9:02 | Build | Palisade Wall |
| 9:04 | Build | Palisade Wall |
| 9:09 | Queue | Villager (Male) |
| 9:20 | Age | Feudal Age |
| 9:43 | Build | Stable |
| 10:06 | Queue | Villager (Male) |
| 10:13 | Build | House |
| 10:14 | Build | House |
| 10:15 | Build | House |
| 10:31 | Queue | Spearman |
| 10:39 | Build | Palisade Wall |
| 10:44 | Build | Palisade Wall |
| 10:49 | Queue | Spearman |
| 10:57 | Build | House |
| 10:58 | Build | House |
| 10:59 | Build | House |
| 11:37 | Queue | Spearman |
| 11:48 | Build | Palisade Wall |
| 11:57 | Build | Farm |
| 11:58 | Build | Farm |
| 12:06 | Build | Palisade Wall |
| 12:29 | Build | Palisade Wall |
| 12:37 | Build | Farm |
| 12:37 | Build | Farm |
| 12:38 | Build | Farm |
| 12:38 | Build | Farm |
| 13:14 | Build | Farm |
| 13:17 | Queue | Villager (Male) |
| 13:17 | Queue | Villager (Male) |
| 13:20 | Build | Farm |
| 13:25 | Queue | Villager (Male) |
| 13:45 | Build | Farm |
| 13:53 | Build | Farm |
| 13:56 | Queue | Villager (Male) |
| 14:07 | Build | Palisade Gate |
| 14:09 | Queue | Villager (Male) |
| 14:15 | Build | Farm |
| 14:43 | Build | Farm |
| 15:09 | Build | Mining Camp |
| 15:23 | Queue | Villager (Male) |
| 15:40 | Build | House |
| 15:43 | Build | House |
| 15:54 | Queue | Villager (Male) |
| 16:09 | Queue | Villager (Male) |
| 16:17 | Build | Palisade Wall |
| 16:29 | Build | Market |
| 16:35 | Queue | Villager (Male) |
| 16:35 | Queue | Villager (Male) |
| 16:37 | Queue | Villager (Male) |
| 17:26 | Build | Blacksmith |
| 17:42 | Research | Castle Age |
| 17:47 | Queue | Villager (Male) |
| 17:59 | Build | Farm |
| 18:15 | Research | Bow Saw |
| 18:49 | Research | Gold Mining |
| 19:15 | Build | Farm |
| 19:22 | Queue | Villager (Male) |
| 19:29 | Research | Forging |
| 19:31 | Queue | Villager (Male) |
| 19:53 | Build | Farm |
| 19:56 | Research | Heavy Plow |
| 20:10 | Queue | Spearman |
| 20:10 | Queue | Spearman |
| 20:29 | Research | Fletching |
| 20:36 | Build | House |
| 20:39 | Age | Castle Age |
| 20:51 | Build | Town Center |
| 20:58 | Build | Palisade Wall |
| 21:23 | Research | Husbandry |
| 21:23 | Queue | Knight |
| 21:23 | Queue | Knight |
| 21:31 | Queue | Villager (Male) |
| 22:04 | Queue | Villager (Male) |
| 22:14 | Build | House |
| 22:17 | Build | House |
| 22:18 | Build | House |
| 22:23 | Build | House |
| 22:25 | Build | House |
| 22:31 | Build | Palisade Wall |
| 22:32 | Queue | Villager (Male) |
| 22:35 | Build | Farm |
| 22:45 | Queue | Knight |
| 22:45 | Queue | Knight |
| 22:46 | Queue | Villager (Male) |
| 22:55 | Queue | Villager (Male) |
| 23:01 | Queue | Villager (Male) |
| 23:05 | Build | Stable |
| 23:16 | Queue | Villager (Male) |
| 23:22 | Build | Farm |
| 23:22 | Build | Farm |
| 23:22 | Build | Farm |
| 23:23 | Build | Farm |
| 23:25 | Queue | Villager (Male) |
| 23:33 | Build | Farm |
| 23:47 | Queue | Knight |
| 23:47 | Queue | Knight |
| 23:52 | Build | House |
| 23:53 | Queue | Villager (Male) |
| 23:59 | Build | Palisade Wall |
| 24:06 | Build | Farm |
| 24:06 | Queue | Villager (Male) |
| 24:09 | Build | Farm |
| 24:14 | Queue | Villager (Male) |
| 24:37 | Queue | Villager (Male) |
| 24:41 | Build | Mining Camp |
| 24:48 | Research | Wheelbarrow |
| 24:52 | Queue | Villager (Male) |
| 24:56 | Queue | Villager (Male) |
| 25:11 | Queue | Villager (Male) |
| 25:16 | Research | Gold Shaft Mining |
| 25:25 | Queue | Villager (Male) |
Match timeline
| 3:31 | ManyKitten76428 · wall_segment Palisade Wall x5 |
| 5:06 | ManyKitten76428 · wall_segment Palisade Wall x5 |
| 6:05 | ManyKitten76428 · wall_segment Palisade Wall x8 |
| 7:29 | ManyKitten76428 · wall_segment Palisade Wall x1 |
| 8:23 | ManyKitten76428 · wall_segment Palisade Wall x4 |
| 8:29 | maestro_006 · wall_segment Palisade Wall x1 |
| 8:37 | ManyKitten76428 · wall_segment Palisade Wall x8 |
| 8:40 | maestro_006 · wall_segment Palisade Wall x5 |
| 8:46 | maestro_006 · wall_segment Palisade Wall x9 |
| 8:53 | maestro_006 · first_building Barracks |
| 8:56 | ManyKitten76428 · age_up feudal |
| 9:02 | maestro_006 · wall_segment Palisade Wall x1 |
| 9:04 | maestro_006 · wall_segment Palisade Wall x5 |
| 9:04 | ManyKitten76428 · first_building Stable |
| 9:20 | maestro_006 · age_up feudal |
| 9:43 | maestro_006 · first_building Stable |
| 10:39 | maestro_006 · wall_segment Palisade Wall x2 |
| 10:44 | maestro_006 · wall_segment Palisade Wall x1 |
| 11:48 | maestro_006 · wall_segment Palisade Wall x4 |
| 12:06 | maestro_006 · wall_segment Palisade Wall x1 |
| 12:29 | maestro_006 · wall_segment Palisade Wall x4 |
| 13:45 | ManyKitten76428 · first_building Archery Range |
| 13:48 | ManyKitten76428 · wall_segment Palisade Wall x1 |
| 16:17 | maestro_006 · wall_segment Palisade Wall x2 |
| 18:20 | ManyKitten76428 · wall_segment Palisade Wall x1 |
| 20:39 | maestro_006 · age_up castle |
| 20:58 | maestro_006 · wall_segment Palisade Wall x1 |
| 21:43 | ManyKitten76428 · age_up castle |
| 22:31 | maestro_006 · wall_segment Palisade Wall x6 |
| 22:41 | ManyKitten76428 · first_building Barracks |
| 23:59 | maestro_006 · wall_segment Palisade Wall x2 |
| 24:22 | ManyKitten76428 · first_building Siege Workshop |
| 27:22 | ManyKitten76428 · first_building Monastery |
| 29:04 | maestro_006 · first_building Archery Range |
| 30:45 | ManyKitten76428 · wall_segment Stone Wall x1 |
| 31:27 | ManyKitten76428 · first_building Castle |
| 31:32 | ManyKitten76428 · wall_segment Stone Wall x1 |
| 31:34 | ManyKitten76428 · wall_segment Stone Wall x1 |
| 32:13 | ManyKitten76428 · wall_segment Stone Wall x1 |
| 32:23 | maestro_006 · first_market_buy 100 stone |
| 32:29 | ManyKitten76428 · wall_segment Stone Wall x1 |
| 32:31 | ManyKitten76428 · wall_segment Stone Wall x1 |
| 32:36 | maestro_006 · first_building Castle |
| 32:37 | ManyKitten76428 · wall_segment Stone Wall x1 |
| 32:39 | ManyKitten76428 · wall_segment Stone Wall x1 |
| 32:41 | ManyKitten76428 · wall_segment Stone Wall x1 |
| 35:14 | maestro_006 · first_building Monastery |
| 36:59 | ManyKitten76428 · age_up imperial |
| 37:43 | ManyKitten76428 · first_market_sell 100 wood |
| 39:10 | maestro_006 · age_up imperial |
| 44:11 | ManyKitten76428 · wall_segment Stone Wall x1 |
| 47:58 | ManyKitten76428 · wall_segment Stone Wall x1 |
| 48:02 | ManyKitten76428 · wall_segment Stone Wall x1 |
| 50:38 | maestro_006 · resign |
[ AI ANALYSIS · 1 CREDIT ]
What really happened in this match?
Wolo.gg analyzes every decision: build order, eco, micro, common mistakes by bracket. Personalized analysis on WhatsApp or Discord in 30 seconds.
Civ guide
Khmer
Perfil
ManyKitten76428